 Dungeon Crawl Stone Soup version 0.19.5 (webtiles) character file.

3249 Keye the Basher (level 9, -4/73 HPs)
             Began as a Minotaur Berserker on Apr 29, 2017.
             Was a High Priest of Trog.
             Killed from afar by an orc wizard (5 damage)
             ... with a magic dart
             ... on level 7 of the Dungeon.
             The game lasted 00:12:15 (7345 turns).

Keye the Basher (Minotaur Berserker)                Turns: 7345, Time: 00:12:15

Health: -4/73      AC:  5    Str: 21    XL:     9   Next: 67%
Magic:  8/8        EV: 12    Int:  4    God:    Trog [*****.]
Gold:   363        SH:  0    Dex: 14    Spells: 0 memorised, 8 levels left

rFire  . . .     SeeInvis .     t - +2 flail (holy)
rCold  + + .     Gourm    .     e - +0 ring mail
rNeg   . . .     Faith    .     (no shield)
rPois  .         Spirit   .     (helmet restricted)
rElec  .         Reflect  .     (no cloak)
rCorr  .         Harm     .     (no gloves)
MR     ++...                    (no boots)
Stlth  +.........               (no amulet)
                                v - ring of protection from cold
                                f - ring of protection from cold

@: lethally poisoned (-4 -> -5), exhausted, flying, regenerating, slowed, very
slow
A: retaliatory headbutt, horns 2
a: Berserk, Trog's Hand, Brothers in Arms, Burn Spellbooks, Renounce Religion


You were on level 7 of the Dungeon.
You worshipped Trog.
Trog was extremely pleased with you.
You were hungry.

You visited 1 branch of the dungeon, and saw 7 of its levels.
You also visited: Sewer.

You collected 363 gold pieces.

Inventory:

Hand Weapons
 a - a +1 mace
 t - a +2 flail of holy wrath (weapon)
Missiles
 p - 64 arrows
Armour
 b - a +0 animal skin
 e - a +0 ring mail (worn)
 g - a +0 large shield
Jewellery
 f - a ring of protection from cold (left hand)
 v - a ring of protection from cold (right hand)
Wands
 x - a wand of polymorph (11/24)
 C - a wand of polymorph (13/24)
 D - a wand of iceblast (7/15)
 E - a wand of lightning (10/15)
Scrolls
 d - 2 scrolls of identify
 w - a scroll of recharging {unknown}
 y - a scroll of fear
 F - 2 scrolls of blinking {unknown}
 G - a scroll of amnesia {unknown}
Potions
 h - 2 potions of brilliance
 k - a potion of might
 l - 2 potions of cure mutation {unknown}
 m - a potion of degeneration {unknown}
 o - a potion of lignification {unknown}
 q - 3 potions of flight
 r - a potion of haste {unknown}
 s - a potion of beneficial mutation {unknown}
 u - 4 potions of curing {unknown}
 z - 2 potions of invisibility {unknown}
 A - a potion of magic {unknown}
 B - 2 potions of heal wounds {unknown}
Comestibles
 c - 5 bread rations
 i - 2 beef jerkies
 j - 4 fruits
 n - 4 chunks of flesh


   Skills:
 + Level 4.9 Fighting
 - Level 14.6 Maces & Flails
 + Level 3.9 Armour
 + Level 3.5 Dodging
 + Level 3.1 Shields


You had 8 spell levels left.
You didn't know any spells.

Dungeon Overview and Level Annotations

Branches:
Dungeon (7/15)             Temple (0/1) D:7

Altars:
Ashenzari
Cheibriados
Makhleb
Okawaru
Trog
The Shining One

Shops:
D:6 *


Innate Abilities, Weirdness & Mutations

You reflexively headbutt those who attack you in melee.
You have a pair of horns on your head.


Message History

Found 15 gold pieces.
You feel sick.
You feel your anger subside.
You are no longer berserk.
You are exhausted.
You feel yourself slow down.
* * * LOW HITPOINT WARNING * * *
You feel sick.
Something unseen opens the door.
You see here a club.
Okay, then.
It was a potion of flight.
You feel very buoyant.
You fly up into the air.
* * * LOW HITPOINT WARNING * * *
You feel very sick.
You closely miss the orc wizard. Your headbutt misses the orc wizard.
* * * LOW HITPOINT WARNING * * *
You feel sick. The orc wizard barely misses you.
The orc wizard casts a spell at you. The magic dart hits you!
You die...

#..... .#..o
.... #... #
#...###'###
#...#@o...#
#..)#.⌠.⌠.#..
#)[).>..'...
###.⌠.⌠.#...
#.....# $.
###'### .
#..#
#.#......#
#.########


You could see an orc wizard.

Vanquished Creatures
  The ghost of letownia the Fighter, a novice FoHu of Gozag (D:7)
  Duvessa (D:6)
  3 orc warriors
  An ogre (D:6)
  2 phantoms (D:6)
  2 sky beasts (D:6)
  2 centaurs
  7 big kobolds (Sewer)
  Dowan (D:6)
  2 scorpions
  A howler monkey (D:5)
  4 crimson imps
  A quasit (D:5)
  2 jellies (D:5)
  5 orc priests
  7 orc wizards
  2 iguanas
  2 worker ants
  3 hound skeletons
  13 adders
  2 howler monkey skeletons
  6 oozes (Sewer)
  An adder zombie (D:6)
  4 worms
  4 dart slugs
  5 leopard geckos
  31 orcs
  5 ball pythons
  7 bats
  3 giant cockroaches
  8 goblins
  10 hobgoblins
  12 jackals
  5 quokkas
  7 frilled lizards
  A giant cockroach zombie (D:5)
  18 kobolds
  8 rats
199 creatures vanquished.

Notes
Turn   | Place    | Note
-------+----------+-------------------------------------------
     0 | D:1      | Keye the Minotaur Berserker began the quest for the Orb.
     0 | D:1      | Reached XP level 1. HP: 19/19 MP: 0/0
   309 | D:1      | Reached skill level 4 in Maces & Flails
   426 | D:1      | Reached XP level 2. HP: 23/26 MP: 1/1
   792 | D:1      | Reached skill level 5 in Maces & Flails
   827 | D:1      | Reached ** piety under Trog
   827 | D:1      | Reached XP level 3. HP: 29/31 MP: 2/2
  1399 | D:2      | Found a snail-covered altar of Cheibriados.
  1418 | D:2      | Reached skill level 6 in Maces & Flails
  1418 | D:2      | Reached XP level 4. HP: 26/39 MP: 3/3
  2404 | D:3      | Found an iron altar of Okawaru.
  2429 | D:3      | Reached *** piety under Trog
  2429 | D:3      | Reached skill level 7 in Maces & Flails
  2429 | D:3      | Reached XP level 5. HP: 26/45 MP: 4/4
  3319 | D:4      | Reached skill level 8 in Maces & Flails
  3319 | D:4      | Reached XP level 6. HP: 46/51 MP: 5/5
  3391 | D:4      | Found a glowing golden altar of the Shining One.
  3580 | D:4      | Found a burning altar of Makhleb.
  3642 | D:4      | Found a glowing drain.
  3654 | Sewer    | Entered a sewer
  3747 | Sewer    | Reached skill level 9 in Maces & Flails
  3881 | Sewer    | Reached XP level 7. HP: 29/57 MP: 6/6
  4047 | Sewer    | Reached skill level 10 in Maces & Flails
  4155 | Sewer    | Reached **** piety under Trog
  4615 | Sewer    | Reached skill level 11 in Maces & Flails
  4691 | D:5      | Entered Level 5 of the Dungeon
  4798 | D:5      | Found a shattered altar of Ashenzari.
  4905 | D:5      | Reached XP level 8. HP: 8/64 MP: 7/7
  5317 | D:5      | Reached skill level 12 in Maces & Flails
  5683 | D:5      | Found a bloodstained altar of Trog.
  5684 | D:5      | Reached ***** piety under Trog
  5980 | D:5      | Reached skill level 13 in Maces & Flails
  6180 | D:6      | Noticed Dowan
  6182 | D:6      | Noticed Duvessa
  6192 | D:6      | Killed Duvessa
  6195 | D:6      | Killed Dowan
  6494 | D:6      | Reached XP level 9. HP: 67/70 MP: 8/8
  6549 | D:6      | Reached skill level 14 in Maces & Flails
  6621 | D:6      | Found Maremi's Assorted Antiques.
  7310 | D:7      | Found a staircase to the Ecumenical Temple.
  7321 | D:7      | Reached skill level 1 in Shields
  7323 | D:7      | Noticed letownia's ghost (novice FoHu)
  7339 | D:7      | Killed letownia's ghost
  7340 | D:7      | HP: 5/109 [poisoned by letownia's ghost]
  7344 | D:7      | HP: 2/73 [poisoned by letownia's ghost]
  7345 | D:7      | Killed from afar by an orc wizard

Skill      XL: |  1  2  3  4  5  6  7  8  9 |
---------------+----------------------------+-----
Maces & Flails | 4 5 6 7 8 9 11 13 14 | 14.6
Shields        | 3 |  3.1
Fighting       | 4 |  4.9
Armour         | 3 |  3.9
Dodging        | 3 |  3.5

Action                   |  1- 3 |  4- 6 |  7- 9 || total
-------------------------+-------+-------+-------++-------
Melee: Mace              |    94 |   173 |   156 ||   423
       Headbutt          |    16 |    25 |    56 ||    97
       Flail             |       |       |   158 ||   158
Invok: Berserk           |       |     2 |     3 ||     5
       Trog's Hand       |       |     1 |     3 ||     4
  Use: Scroll            |       |       |     7 ||     7
       Potion            |       |       |     1 ||     1
  Eat: Chunk             |     2 |     9 |    15 ||    26
Armor: Animal skin       |     4 |       |       ||     4
       Ring mail         |    21 |    64 |    76 ||   161
Dodge: Dodged            |    58 |    98 |   134 ||   290
